 Dungeon Crawl Stone Soup version 0.28.0 (webtiles) character file.

Game seed: 3664364302698737316

12726 Dorkslayer the Carver (level 12, -15/94 HPs)
             Began as a Human Fighter on July 16, 2022.
             Was an Initiate of Gozag.
             Killed from afar by a fire dragon (38 damage)
             ... with a blast of flame
             ... on level 10 of the Dungeon.
             The game lasted 00:35:12 (11546 turns).

Dorkslayer the Carver (Human Fighter)              Turns: 11546, Time: 00:35:12

Health: -15/94     AC: 22    Str: 21    XL:     12   Next: 23%
Magic:  12/12      EV:  7    Int: 15    God:    Gozag
Gold:   1020       SH: 11    Dex: 15    Spells: 11/11 levels left

rFire   . . .      SeeInvis .   f - +4 scimitar
rCold   . . .      Faith    .   c - +0 buckler
rNeg    . . .      Spirit   .   t - +3 plate armour
rPois   .          Reflect  +   u - +0 helmet
rElec   .          Harm     .   F - +0 cloak
rCorr   .          Rampage  .   i - +0 pair of gloves
Will    .....      Clarity  +   l - +0 pair of boots
Stlth   ..........              J - amulet of reflection
HPRegen 1.05/turn               j - +6 ring of intelligence
MPRegen 0.13/turn               (no ring)

@: gold aura
A: hooves 1, agile 1, clarity, sense surroundings 1, regeneration 1, MP-powered
wands
a: Renounce Religion, Potion Petition, Call Merchant, Bribe Branch


You were on level 10 of the Dungeon.
You worshipped Gozag.
Gozag was most pleased with you.
You visited 2 branches of the dungeon, and saw 11 of its levels.
You also visited: Sewer and Bailey.

You collected 1814 gold pieces.
You spent 472 gold pieces at shops.
You paid 322 gold pieces to Gozag.

Inventory:

Hand Weapons
 a - a +0 long sword
 f - a +4 scimitar (weapon)
 s - a +0 scimitar of flaming
Missiles
 h - 34 poisoned darts
 o - 21 boomerangs
 y - 9 curare-tipped darts (quivered)
 B - 8 datura-tipped darts
 N - 5 silver boomerangs
Armour
 c - a +0 buckler (worn)
 i - a +0 pair of gloves (worn)
 l - a +0 pair of boots (worn)
 t - a +3 plate armour (worn)
 u - a +0 helmet (worn)
 F - a +0 cloak (worn)
Jewellery
 j - a +6 ring of intelligence (left hand)
 J - an amulet of reflection (around neck)
 M - a ring of resist corrosion
Wands
 A - a wand of mindburst (10)
 C - a wand of polymorph (17)
 D - a wand of flame (6)
 H - a wand of iceblast (10)
 I - a wand of paralysis (12)
Scrolls
 b - 4 scrolls of immolation
 n - 3 scrolls of teleportation
 p - a scroll of holy word
 w - 4 scrolls of identify
 x - 2 scrolls of fear
 E - a scroll of summoning
 G - a scroll of enchant armour
 L - a scroll of enchant weapon
 O - a scroll of magic mapping
 P - a scroll of blinking
Potions
 d - 2 potions of cancellation
 e - a potion of might
 g - 3 potions of attraction
 k - 2 potions of brilliance
 q - 3 potions of mutation
 r - a potion of berserk rage
 v - a potion of curing
 z - a potion of ambrosia


   Skills:
 * Level 8.4 Fighting
 + Level 11.2 Long Blades
 + Level 6.6 Throwing
 + Level 8.6 Armour
 + Level 1.4 Dodging
 + Level 0.7 Stealth
 + Level 6.4 Shields
 + Level 1.0 Unarmed Combat
 * Level 5.0 Evocations


You had 11 spell levels left.
You didn't know any spells.
Your spell library contained the following spells:

 Spells                   Type           Power      Damage    Failure   Level
 Static Discharge         Conj/Air       0%         N/A       100%        2
 Conjure Flame            Conj/Fire      0%         6-21      100%        3
 Ignite Poison            Fire/Tmut/Pois 0%         N/A       100%        3
 Sticky Flame             Conj/Fire      0%         2d3       100%        4
 Lightning Bolt           Conj/Air       0%         1d11      100%        5
 Maxwell's Capacitive Co  Air            0%         ∞         100%        8


Dungeon Overview and Level Annotations

Branches:
Dungeon (10/15)            Temple (1/1) D:7           Sewer (visited)
 Bailey (visited)
   Lair: D:8-11         Orc: D:9-12

Altars:
Ashenzari
Cheibriados
Dithmenos
Elyvilon
Fedhas
Gozag
Hepliaklqana
Kikubaaqudgha
Makhleb
Nemelex Xobeh
Okawaru
Qazlal
Sif Muna
Uskayaw
Vehumet
Xom
Yredelemnul
Zin
The Shining One

Shops:
D:1 *   D:4 ?   D:10 [


Innate Abilities, Weirdness & Mutations

You have large cloven feet.
You are agile. (Dex +2)
You possess an exceptional clarity of mind.
You passively map a small area around you.
Your natural rate of healing is unusually fast.
You expend magic power (3 MP) to strengthen your wands.


Message History

An orc warrior comes into view.
It is wielding a +0 hand axe and wearing a +1 plate armour of willpower.
You slice the fire dragon!!
The fire dragon is moderately wounded.
The fire dragon bites you but does no damage.
The fire dragon claws you but does no damage.
The fire dragon tramples you.
You stumble backwards!
You hit the fire dragon.
The fire dragon is moderately wounded.
The fire dragon bites you!
* * * LOW HITPOINT WARNING * * *
The fire dragon claws you but does no damage.
You block the fire dragon's attack.
The fire dragon bites you but does no damage.
You block the fire dragon's attack. x2
You slice the fire dragon!!
The fire dragon is heavily wounded.
The hound is no longer distracted by gold.
The fire dragon bites you but does no damage.
The fire dragon claws you.
* * * LOW HITPOINT WARNING * * *
The fire dragon tramples you.
* * * LOW HITPOINT WARNING * * *
You hold your ground!
You hit the fire dragon.
The fire dragon is severely wounded.
You block the fire dragon's attack.
The fire dragon claws you but does no damage.
You block the fire dragon's attack.
An orc comes into view. It is wielding a +0 club.
You barely miss the fire dragon.
The fire dragon is severely wounded.
The fire dragon bites you but does no damage.
The fire dragon barely misses you.
The fire dragon tramples you but does no damage.
You barely miss the fire dragon.
The fire dragon is severely wounded.
The fire dragon breathes flames at you. The blast of flame hits you!!!
You die...
Your body crumbles into a pile of gold.

* #. #. > #. ####..
#. ##..... , ,
##.######....., ..
##....>?.....##*##...
#... ........##.....
#...## #...(.....∩...
* #.@###.............
##.DhoZo...........
######............
##............
#.............
#.....$....... * ** *
*#.............. ,
...#............
.....#...........


You could see a fire dragon (catching breath), an orc warrior, a hound, an orc
and a howler monkey zombie.

Vanquished Creatures
  A great orb of eyes (shapeshifter) (D:9)
  2 centaur warriors
  A two-headed ogre (D:9)
  Pikel (D:6)
  An orc knight (Bailey)
  A deep elf pyromancer (D:9)
  A cyclops (D:9)
  Maurice (D:8)
  Maggie (D:6)
  A freezing wraith (D:9)
  Prince Ribbit (D:5)
  Sigmund (D:5)
  2 wyverns
  A wraith (D:9)
  A human (D:7)
  A steam dragon (D:9)
  Menkaure (D:5)
  Grum (D:8)
  3 water moccasins
  3 ice beasts
  2 sky beasts (D:6)
  7 orc warriors
  3 necrophages
  4 wolves
  2 ogres
  5 centaurs
  2 phantoms
  A lemure (D:6)
  3 bullfrogs
  9 kobold brigands
  Blork the orc (D:6)
  2 gnoll sergeants (D:9)
  3 scorpions
  A wyvern zombie (D:7)
  2 water moccasin zombies
  A water moccasin skeleton (D:5)
  16 killer bees
  4 wights (D:6)
  4 howler monkeys
  3 electric eels
  2 bullfrog zombies
  4 orc priests
  8 hounds
  A jelly (D:7)
  A bullfrog skeleton (D:5)
  A centaur skeleton (D:6)
  A gnoll shaman (D:9)
  A scorpion zombie (D:5)
  3 iguanas
  6 orc wizards
  A howler monkey zombie (D:9)
  Robin (D:4)
  13 adders
  8 gnolls
  A river rat (Sewer)
  2 white imps
  2 adder zombies (D:2)
  An adder skeleton (D:2)
  4 worms
  2 dart slugs
  22 orcs
  9 ball pythons
  A bat zombie (D:2)
  11 endoplasms
  3 giant cockroaches
  25 goblins
  9 hobgoblins
  6 jackals
  29 kobolds
  4 quokkas
  A ball python skeleton (D:2)
  5 bats
  4 frilled lizards
  A jackal skeleton (D:7)
  A jackal zombie (D:2)
  A quokka skeleton (D:2)
  A quokka zombie (D:2)
  11 rats
308 creatures vanquished.

Vanquished Creatures (others)
  A hound (D:10)
  An orc wizard (D:7)
  An orc (D:9)
  4 fungi (D:7)
  11 plants
  A withered plant (D:2)
19 creatures vanquished.

Grand Total: 327 creatures vanquished

Notes
Turn   | Place    | Note
-------+----------+-------------------------------------------
     0 | D:1      | Dorkslayer the Human Fighter began the quest for the Orb.
     0 | D:1      | Reached XP level 1. HP: 18/18 MP: 1/1
   105 | D:1      | Found a faded altar of an unknown god.
   107 | D:1      | Found Lozuingi's General Store.
   271 | D:1      | Reached XP level 2. HP: 24/24 MP: 2/2
  1023 | D:1      | Reached XP level 3. HP: 29/29 MP: 3/3
  1537 | D:2      | Reached XP level 4. HP: 26/35 MP: 4/4
  2245 | D:2      | You fall into a shaft and drop 2 floors!
  2337 | D:4      | Found Hamod's Magic Scroll Boutique.
  2379 | D:4      | Reached skill level 3 in Long Blades
  2379 | D:4      | Reached XP level 5. HP: 25/41 MP: 5/5
  2385 | D:4      | Noticed an ogre
  2397 | D:4      | Killed an ogre
  2398 | D:4      | Reached XP level 6. HP: 48/48 MP: 6/6
  2405 | D:4      | Found a shadowy altar of Dithmenos.
  2406 | D:4      | Found a white marble altar of Elyvilon.
  2456 | D:4      | Found a glowing drain.
  2465 | Sewer    | Entered a sewer
  2876 | Sewer    | Reached skill level 4 in Long Blades
  3069 | Sewer    | Gained mutation: You possess an exceptional clarity of
                  | mind. [potion of mutation]
  3069 | Sewer    | Gained mutation: You expend magic power (3 MP) to
                  | strengthen your wands. [potion of mutation]
  3069 | Sewer    | Gained mutation: You have hidden genetic potential. [potion
                  | of mutation]
  3069 | Sewer    | Gained mutation: You have large cloven feet. [potion of
                  | mutation]
  3755 | D:3      | Reached XP level 7. HP: 54/54 MP: 7/7
  4054 | D:3      | Reached skill level 1 in Dodging
  4063 | D:3      | Reached skill level 1 in Throwing
  4064 | D:3      | Gained mutation: Your natural rate of healing is unusually
                  | fast. [hidden potential]
  4671 | D:4      | Noticed Robin
  4705 | D:4      | Killed Robin
  4902 | D:4      | Reached skill level 5 in Long Blades
  4926 | D:4      | Reached XP level 8. HP: 61/61 MP: 8/8
  5109 | D:5      | Entered Level 5 of the Dungeon
  5139 | D:5      | Noticed Prince Ribbit
  5152 | D:5      | Killed Prince Ribbit
  5153 | D:5      | Reached skill level 5 in Armour
  5161 | D:5      | Gained mutation: You have great hidden genetic potential.
                  | [hidden potential]
  5161 | D:5      | Lost mutation: You have great hidden genetic potential.
                  | [hidden potential expressed]
  5210 | D:5      | Reached skill level 6 in Long Blades
  5387 | D:5      | Noticed Sigmund
  5396 | D:5      | Killed Sigmund
  5397 | D:5      | Reached skill level 5 in Fighting
  5451 | D:5      | Reached XP level 9. HP: 32/68 MP: 9/9
  5492 | D:5      | Reached skill level 7 in Long Blades
  5498 | D:5      | Gained mutation: You passively map a small area around you.
                  | [hidden potential]
  5601 | D:5      | Noticed Menkaure
  5615 | D:5      | Killed Menkaure
  5673 | D:5      | Found a hazy altar of Hepliaklqana.
  6048 | D:4      | Bought a scroll of immolation for 35 gold pieces
  6048 | D:4      | Bought a scroll of identify for 20 gold pieces
  6048 | D:4      | Bought a scroll of teleportation for 30 gold pieces
  6205 | D:6      | Noticed Blork the orc
  6216 | D:6      | Killed Blork the orc
  6298 | D:6      | Noticed Pikel
  6315 | D:6      | Killed Pikel
  6316 | D:6      | Reached skill level 8 in Long Blades
  6316 | D:6      | Reached skill level 5 in Throwing
  6316 | D:6      | Reached XP level 10. HP: 67/76 MP: 10/10
  6440 | D:6      | Gained mutation: You are agile. (Dex +2) [hidden potential]
  6440 | D:6      | Lost mutation: You have hidden genetic potential. [hidden
                  | potential expressed]
  6513 | D:6      | Reached skill level 5 in Shields
  6556 | D:6      | Noticed Maggie
  6572 | D:6      | Killed Maggie
  6573 | D:6      | Reached skill level 9 in Long Blades
  7278 | D:7      | Found a hide-covered altar of Uskayaw.
  7420 | D:7      | Found a flagged portal.
  7430 | Bailey   | Entered a bailey
  7586 | Bailey   | Noticed an orc knight
  7600 | Bailey   | Reached skill level 1 in Evocations
  7619 | Bailey   | Killed an orc knight
  7620 | Bailey   | Reached XP level 11. HP: 28/83 MP: 4/11
  7621 | Bailey   | HP: 4/83 [orc warrior (26)]
  7646 | Bailey   | Found a bloodstained altar of Trog.
  7755 | D:7      | Found a staircase to the Ecumenical Temple.
  7770 | Temple   | Entered the Ecumenical Temple
  8017 | Temple   | Became a worshipper of Gozag Ym Sagoz the Greedy
  8504 | D:7      | Found a runed translucent door.
  8505 | D:7      | Found a basalt altar of Yredelemnul.
  8778 | D:8      | Reached skill level 10 in Long Blades
  8969 | D:8      | Noticed Maurice
  9006 | D:8      | Killed Maurice
  9008 | D:8      | Noticed Grum
  9012 | D:8      | Killed Grum
  9159 | D:8      | Noticed a centaur warrior
  9167 | D:8      | Killed a centaur warrior
  9530 | D:8      | Found a shimmering blue altar of Sif Muna.
  9824 | D:9      | Noticed a two-headed ogre
  9831 | D:9      | Killed a two-headed ogre
  9832 | D:9      | Reached skill level 1 in Unarmed Combat
 10054 | D:9      | Noticed a cyclops
 10063 | D:9      | Killed a cyclops
 10151 | D:9      | Noticed an ettin
 10154 | D:9      | Noticed a great orb of eyes
 10154 | D:9      | an ettin changed into a great orb of eyes
 10159 | D:9      | Paralysed by a great orb of eyes for 4 turns
 10174 | D:9      | Killed a great orb of eyes
 10188 | D:9      | Reached skill level 11 in Long Blades
 10362 | D:9      | Noticed a deep elf pyromancer
 10363 | D:9      | Noticed a centaur warrior
 10368 | D:9      | Killed a deep elf pyromancer
 10369 | D:9      | Reached XP level 12. HP: 68/92 MP: 1/12
 10504 | D:9      | Killed a centaur warrior
 10592 | D:9      | Found a faded altar of an unknown god.
 10592 | D:9      | Found a broken altar of Ashenzari.
 10604 | D:9      | Found a shimmering altar of Xom.
 10607 | D:9      | Found a radiant altar of Vehumet.
 10609 | D:9      | Found a faded altar of an unknown god.
 10640 | D:9      | Found a blossoming altar of Fedhas.
 11081 | D:1      | Bought a potion of heal wounds for 65 gold pieces
 11081 | D:1      | Bought 5 silver boomerangs for 97 gold pieces
 11081 | D:1      | Bought a scroll of fear for 45 gold pieces
 11081 | D:1      | Bought a scroll of magic mapping for 45 gold pieces
 11187 | D:4      | Bought a scroll of teleportation for 30 gold pieces
 11187 | D:4      | Bought a scroll of teleportation for 30 gold pieces
 11187 | D:4      | Bought a scroll of blinking for 75 gold pieces
 11503 | D:10     | Entered Level 10 of the Dungeon
 11507 | D:10     | Noticed a fire dragon
 11512 | D:10     | Found Ysag's Armour Shop.
 11528 | D:10     | Reached skill level 5 in Evocations
 11546 | D:10     | Killed from afar by a fire dragon

Illustrated notes

Levels and vault maps discovered:
D:1:      minmay_arrival_split_and_join, layout_basic, serial_shops,
          shop_statue, ebering_ecumenical_altar_box, minivault_27
D:2:      layout_loops_ring, serial_undead, serial_undead_f, serial_undead_e,
          serial_undead_a, serial_undead_d, serial_undead_c, serial_undead_c,
          amcnicky_mini_corridor_feature, feat_on_display
D:3:      layout_loops_ring
D:4:      kennysheep_goblin_castle, layout_loops_corners,
          gammafunk_temple_overflow_statue, portal_sewer_entry_d, corexii_shack,
          nicolae_take_the_stairs
D:5:      layout_basic, lemuel_crystal_altar, uniq_sigmund, uniq_menkaure,
          uniq_prince_ribbit1
D:6:      layout_loops_ring, minivault_26, minivault_22, hex_large,
          kennysheep_opposing_triangles, uniq_maggie, uniq_blork_the_orc,
          uniq_pikel
D:7:      layout_basic, dk_yredelemnul_ordeal, nicolae_overflow_crystal_walls,
          minmay_temple_entry_ruins, enter_bailey_3, water_boxes_lemuel
D:8:      layout_layer_cave, lemuel_blue_sif_altar, uniq_grum, uniq_maurice
D:9:      nzn_winding_woodlands_cross [nzn_winding_woodlands_5x15_cabin,
          nzn_winding_woodlands_5x15_twine,
          nzn_winding_woodlands_5x15_lazy_stream,
          nzn_winding_woodlands_5x15_split_checker,
          nzn_winding_woodlands_15x15_thick_spiral], layout_cross,
          fedhas_altar_2, chequers_temple_overflow_minitemple,
          ebering_dispersal_statue_hall, dk_noncrumbling_3
D:10:     layout_rooms, erik_lair_island, serial_shops, shop,
          nicolae_square_shop, shop, shop, nicolae_diamond_shop
Temple:   minmay_temple_forest_path

Skill      XL: |  1  2  3  4  5  6  7  8  9 10 11 12 |
---------------+-------------------------------------+-----
Long Blades    | 3 4 5 6 8 9 11 | 11.2
Armour         | 4 5 6 7 8 |  8.6
Fighting       | 4 5 6 8 |  8.4
Shields        | 4 5 6 |  6.4
Dodging        | 1 |  1.4
Throwing       | 1 3 5 6 |  6.6
Evocations     | 1 4 5 |  5.0
Unarmed Combat | 1 |  1.0
Stealth        | |  0.7

Action                   |  1- 3 |  4- 6 |  7- 9 | 10-12 || total
-------------------------+-------+-------+-------+-------++-------
Melee: Long sword        |   113 |   205 |    41 |       ||   359
       Scimitar          |       |       |   241 |   512 ||   753
       Unarmed           |       |       |       |    14 ||    14
Throw: Dart              |       |       |    20 |    34 ||    54
       Boomerang         |       |       |     8 |       ||     8
Evoke: Wand              |       |       |       |    19 ||    19
  Use: Scroll            |       |     5 |    11 |     3 ||    19
       Potion            |       |     8 |     2 |     8 ||    18
 Stab: Distracted        |       |       |       |     2 ||     2
Armor: Scale mail        |    68 |   115 |    17 |       ||   200
       Plate armour      |       |       |   165 |   358 ||   523
       Skin              |       |       |       |     4 ||     4
Dodge: Dodged            |    57 |    86 |    87 |   154 ||   384
Block: Buckler           |    27 |    48 |    67 |   258 ||   400
       Reflection        |       |       |       |     5 ||     5
